[Event "*** SCC Grand Prix: Titled Tuesday Blitz"]
[Site "Chess.com"]
[Date "2020.06.23"]
[Round "1"]
[White "Gurvich_Vitaly"]
[Black "allvim"]
[Result "1-0"]
[WhiteElo "2553"]
[BlackElo "2200"]
[TimeControl "180+1"]
[EndTime "10:07:38 PDT"]
[Termination "Gurvich_Vitaly won on time"]

1. e4 c5 2. Nf3 d6 3. d4 cxd4 4. Nxd4 Nf6 5. Nc3 a6 6. Nb3 e5 7. Bg5 Be7 8. Qd3 Be6 9. O-O-O Nbd7 10. Kb1 Qc7 11. Be2 Rc8 12. g4 b5 13. Bxf6 Nxf6 14. g5 Nd7 15. h4 Nb6 16. Rdf1 b4 17.
Nd5 Bxd5 18. exd5 Nxd5 19. Bg4 Nf4 20. Qxa6 Qxc2+ 21. Ka1 O-O 22. Bxc8 Nd3 23. Rb1 Rxc8 24. Rhd1 e4 25. Rd2 Qc7 26. Rbd1 Bf8 27. Kb1 Qd7 28.
Nd4 Qg4 29. f3 Qh3 30. fxe4 Nc5 31. Qe2 Re8 32. Nf5 Rxe4 33. Qf1 Qg4 34. Nh6+ gxh6 35. gxh6 Kh8 36. Rg2 Qe6 37. Qg1 f5 38. Rg7 Re2 39. Qd4 Qe5 40. Rg8+ 1-0

[Event "*** SCC Grand Prix: Titled Tuesday Blitz"]
[Site "Chess.com"]
[Date "2020.06.23"]
[Round "1"]
[White "MateSchmate"]
[Black "Sanan_Sjugirov"]
[Result "0-1"]
[WhiteElo "2441"]
[BlackElo "2855"]
[TimeControl "180+1"]
[EndTime "10:07:39 PDT"]
[Termination "Sanan_Sjugirov won by checkmate"]

1. e4 c6 2. Bc4 d5 3. Bb3 e6 4. Nc3 Nf6 5. e5 Nfd7 6. f4 c5 7. d3 Nc6 8. Nf3 b5 9. a4 b4 10.
Ne2 Be7 11. c3 bxc3 12. bxc3 Rb8 13. Bc2 Ba6 14. O-O O-O 15. Kh1 g6 16. g4 d4 17.
c4 Bb7 18. Kg1 Nb4 19. Ng3 a5 20. Qd2 f6 21. exf6 Bxf6 22. Bd1 e5 23. f5 gxf5 24. Nxf5 e4 25. dxe4 Bxe4 26. Ng5 Bxf5 27. Rxf5 Qe7 28. Ra3 Rbe8 29. Nf3 Bg7 30. Rxf8+ Rxf8 31. Qg5 Qf7 32. Kg2 Kh8 33. Be2 Qe6 34. Bf1 Nf6 35. Qf5 Qc6 36. Kg1 Ne4 37. Qh5 Nc3 38. Ng5 h6 39. Nf7+ Kg8 40. Bg2 Qf6 41. Nxh6+ Bxh6 42. Bxh6 Qf2+ 43. Kh1 Qe1+ 44. Bf1 Qxf1# 0-1

[Event "*** SCC Grand Prix: Titled Tuesday Blitz"]
[Site "Chess.com"]
[Date "2020.06.23"]
[Round "1"]
[White "simplerXiao"]
[Black "Gajuchess"]
[Result "0-1"]
[WhiteElo "2390"]
[BlackElo "2774"]
[TimeControl "180+1"]
[EndTime "10:07:39 PDT"]
[Termination "Gajuchess won by checkmate"]

1. Nf3 d5 2. g3 Nf6 3. Bg2 Nbd7 4. O-O e5 5. c4 dxc4 6. Na3 Bxa3 7. bxa3 O-O 8. Qc2 Qe7 9. Qxc4 c6 10. Rb1 Re8 11.
a4 Nb6 12. Qc2 e4 13. Nd4 Nbd5 14. a5 c5 15. Nb5 Bg4 16. Re1 Nb4 17. Qb2 Qd7 18.
a3 Nd3 19. exd3 exd3 20. Re3 Nd5 21. Qa2 Nxe3 22. dxe3 Rad8 23. Bd2 Be6 24. Qb2 b6 25. axb6 axb6 26. Nc3 Rb8 27. Qb5 Qd6 28. Ne4 Qd8 29.
Qc6 Kh8 30. Qd6 Qc8 31. Bc3 Bf5 32. Ng5 Bg6 33. Rxb6 Rxb6 34. Qxb6 Qg4 35. Qxc5 Qd1+ 36. Bf1 h6 37. Qd4 f6 38. Nf3 Qxf3 39. h4 Be4 40.
Bxd3 Qg2# 0-1

[Event "*** SCC Grand Prix: Titled Tuesday Blitz"]
[Site "Chess.com"]
[Date "2020.06.23"]
[Round "1"]
[White "TimKett"]
[Black "GM_LOADING"]
[Result "0-1"]
[WhiteElo "2203"]
[BlackElo "2554"]
[TimeControl "180+1"]
[EndTime "10:07:39 PDT"]
[Termination "GM_LOADING won by resignation"]

1. e4 e6 2. d4 d5 3. Nc3 Nf6 4. Bg5 dxe4 5. Nxe4 Be7 6. Bxf6 Bxf6 7. Nf3 O-O 8. Bc4 b6 9. Qe2 Bb7 10. O-O-O Nd7 11.
Kb1 Qe7 12. h4 c5 13. d5 exd5 14. Bxd5 Bxd5 15. Rxd5 Rfe8 16. Re1 Qe6 17. Nxf6+ Nxf6 18. Re5 Qc6 19. a3 h6 20. g4 Rxe5 21. Nxe5 Qg2 22. f4 Qxe2 23. Rxe2 Re8 24. Rd2 g5 25. hxg5 hxg5 26.
Nd3 gxf4 27. Nxf4 Re4 28. Nd5 Nxd5 29. Rxd5 Rxg4 30. Rd7 a5 31. Rd6 Rg6 32. Rd8+ Kg7 33. b4 axb4 34. axb4 cxb4 35. Kb2 Rc6 36. Kb3 Rc3+ 37.
Kb2 Rc6 38. Rd4 f5 39. Rxb4 Kf6 40. Rh4 Kg5 41. Rh8 f4 42. Kb3 f3 43. Rf8 Kg4 44. c4 Kg3 45. Kb4 f2 46. Kb5 Rg6 47. c5 bxc5 48. Kxc5 Kg2 0-1

[Event "*** SCC Grand Prix: Titled Tuesday Blitz"]
[Site "Chess.com"]
[Date "2020.06.23"]
[Round "1"]
[White "FedaMaster"]
[Black "Quiet_Desperation"]
[Result "1-0"]
[WhiteElo "2478"]
[BlackElo "1924"]
[TimeControl "180+1"]
[EndTime "10:07:39 PDT"]
[Termination "FedaMaster won by resignation"]

1. e4 Nc6 2. Bb5 d6 3. d4 a6 4. Bc4 g6 5. Nf3 Bg7 6. h3 Nf6 7. Qe2 O-O 8. e5 Ne8 9. O-O h6 10. Bf4 d5 11. Bb3 Na5 12. c4 Nxb3 13. axb3 c6 14. Nc3 Nc7 15. Rfd1 Be6 16. Na4 Rb8 17. Nc5 Qc8 18. Be3 b6 19. Nxe6 Qxe6 20. cxd5 Qxd5 21.
Rac1 Rfc8 22. Qc4 Qxc4 23. bxc4 e6 24. Nd2 b5 25. b3 Kh7 26. Ne4 Rd8 27. Nd6 Rd7 28. Ne4 b4 29. Nc5 Rdd8 30. Ra1 Ra8 31. Ra4 Bf8 32. Nd3 c5 33. dxc5 Rd7 34. Kf1 Rad8 35.
Ke2 Be7 36. Nb2 Rxd1 37. Nxd1 f6 38. exf6 Bxf6 39. Rxb4 g5 40. Rb7 Rd7 41. c6 Re7 42. Bb6 Ne8 43. Rxe7+ Bxe7 44. c7 Nd6 45. Bc5 Nc8 46.
Bxe7 Nxe7 47. Nc3 Kg6 48. Na4 Kf7 49. Nb6 Ke8 50. c8=Q+ 1-0

[Event "*** SCC Grand Prix: Titled Tuesday Blitz"]
[Site "Chess.com"]
[Date "2020.06.23"]
[Round "1"]
[White "Rakhmanov_Aleksandr"]
[Black "reutik"]
[Result "1-0"]
[WhiteElo "2819"]
[BlackElo "2415"]
[TimeControl "180+1"]
[EndTime "10:07:40 PDT"]
[Termination "Rakhmanov_Aleksandr won by resignation"]

1. Nf3 d5 2. g3 c6 3. Bg2 Nf6 4. d4 Bf5 5. c4 e6 6. Nc3 Nbd7 7. Nh4 Bg4 8. h3 Bh5 9. g4 Bg6 10. Qb3 Qb6 11. Nxg6 hxg6 12. c5 Qxb3 13. axb3 e5 14.
e3 a6 15. b4 Rc8 16. f4 e4 17. Bd2 Be7 18. Ke2 Kd8 19. Be1 Ne8 20. h4 f5 21.
h5 fxg4 22. hxg6 Rxh1 23. Bxh1 Nf8 24. f5 Bg5 25. Bg3 Nd7 26. Bg2 Ke7 27. Be5 Nef6 28.
Rh1 Rg8 29. Bd6+ Kd8 30. Nd1 Ne8 31. Bg3 Rf8 32. Rh5 Bh6 33. Nf2 Nef6 34. Rh1 Kc8 35. Bd6 Re8 36. Kd2 Rh8 37. Bf1 Rg8 38.
Be2 Ne8 39. Nxg4 Nxd6 40. Nxh6 gxh6 41. cxd6 Nf6 42. Rxh6 Kd7 43. Ke1 Kxd6 44. Kf2 Ke7 45. Kg3 Kf8 46. Kf4 Kg7 47. Rh1 Ra8 48. Ra1 Rh8 49.
b5 cxb5 50. Rc1 Rd8 51. Ke5 Re8+ 52. Kd6 Rd8+ 53. Ke7 Rd7+ 54. Ke6 b6 55. Rc8 Rb7 56. Rc6 b4 57. Bxa6 Ra7 58. Rxb6 Ng4 59. Rb7+ Rxb7 60.
Bxb7 1-0

[Event "*** SCC Grand Prix: Titled Tuesday Blitz"]
[Site "Chess.com"]
[Date "2020.06.23"]
[Round "1"]
[White "kushagramohan"]
[Black "WelshTiger"]
[Result "1-0"]
[WhiteElo "2719"]
[BlackElo "2373"]
[TimeControl "180+1"]
[EndTime "10:07:40 PDT"]
[Termination "kushagramohan won by resignation"]

1. e4 c5 2. Nf3 Nc6 3. d4 cxd4 4. Nxd4 Nf6 5. Nc3 d6 6. Bg5 Bd7 7. Qd2 Rc8 8. O-O-O Nxd4 9. Qxd4 Qa5 10. f4 Rxc3 11.
bxc3 e5 12. Qb4 Qxb4 13. cxb4 Nxe4 14. Re1 Nxg5 15. fxg5 Be7 16. h4 h6 17. gxh6 Rxh6 18.
h5 f5 19. Be2 Bc6 20. Bf3 e4 21. Be2 Bf6 22. a3 f4 23. Ref1 Bg5 24. Kb1 d5 25. c3 Bd7 26. Kb2 Ke7 27. Rd1 Be6 28.
b5 b6 29. Rd4 Bf6 30. Ra4 Kd6 31. Rd1 Be5 32. Rxe4 Bf5 33. Ra4 Kc5 34. Rxa7 Re6 35. Bf3 Be4 36. a4 Bf6 37. Rc7+ Kd6 38. Rc6+ Ke5 39. Rxe6+ Kxe6 40. Kb3 Be7 41. Re1 Ke5 42. c4 Kd4 43. cxd5 Bxf3 44. gxf3 Bd6 45. Re4+ Kxd5 46.
Kc2 Kc5 47. Kd3 Kd5 48. Re8 Kc5 49. Rg8 Be5 50. Ke4 Bf6 51. Kxf4 Kb4 52. Ra8 1-0

[Event "*** SCC Grand Prix: Titled Tuesday Blitz"]
[Site "Chess.com"]
[Date "2020.06.23"]
[Round "1"]
[White "Benjoneliere44"]
[Black "Ashedu66"]
[Result "1-0"]
[WhiteElo "2526"]
[BlackElo "2154"]
[TimeControl "180+1"]
[EndTime "10:07:40 PDT"]
[Termination "Benjoneliere44 won on time"]

1. e4 e5 2. g3 d5 3. d3 Nf6 4. Bg2 dxe4 5. dxe4 Qxd1+ 6. Kxd1 Bc5 7. f3 Nc6 8. c3 a5 9. Ke2 b6 10. Be3 Ba6+ 11.
Kf2 Nd7 12. Ne2 Ke7 13. Nd2 Rhd8 14. Rad1 a4 15. Nc1 Na5 16. Bf1 Bxf1 17. Rhxf1 b5 18. Nd3 Bxe3+ 19. Kxe3 f6 20. h4 Nb6 21. Ke2 Nac4 22. Nb4 Rxd2+ 23. Rxd2 Nxd2 24. Kxd2 Rd8+ 25. Ke2 Ke6 26. b3 c5 27. Nd3 c4 28. bxc4 Nxc4 29. Rb1 Rb8 30. Rd1 Rc8 31. f4 a3 32. Rb1 Rb8 33. Rb3 Kd6 34. Nb4 Kc5 35. Nc2 Nb2 36. Rxa3 Rd8 37. Ra7 Nc4 38. Ne1 Rd2+ 39. Kf3 Rd1 40. Nc2 Rf1+ 41. Kg2 Rc1 42. Nb4 Kb6 43.
Rxg7 Ka5 44. Ra7+ Kb6 45. Ra6+ Kb7 46. Rxf6 Rxc3 47. Rf7+ 1-0

[Event "*** SCC Grand Prix: Titled Tuesday Blitz"]
[Site "Chess.com"]
[Date "2020.06.23"]
[Round "1"]
[White "MikeSailer"]
[Black "Nafania1"]
[Result "0-1"]
[WhiteElo "2103"]
[BlackElo "2511"]
[TimeControl "180+1"]
[EndTime "10:07:40 PDT"]
[Termination "Nafania1 won by checkmate"]

1. d4 Nf6 2. Nf3 e6 3. Bf4 c5 4. e3 Nc6 5. c3 Nh5 6. Bg5 Qb6 7. Qb3 h6 8. Bh4 g5 9. Bg3 Nxg3 10. hxg3 Bg7 11.
Nbd2 d5 12. Be2 Bd7 13. dxc5 Qxc5 14. Nd4 O-O-O 15. O-O-O f5 16. Nxc6 Bxc6 17. Nf3 e5 18. Kb1 Kb8 19. Rc1 Rhe8 20. Rhd1 Qa5 21. Qc2 Rf8 22.
Rd2 Ba4 23. b3 Bc6 24. Ne1 e4 25. c4 d4 26. exd4 Bxd4 27. Rcd1 Bxf2 28. Rxd8+ Rxd8 29. Rxd8+ Qxd8 30. Qc3 Qd4 31. Qa5 a6 32. Nc2 Qc5 33.
Qd8+ Ka7 34. Bh5 Bxg3 35. Bf7 Be5 36. Qd1 e3 37. Bd5 f4 38. Bxc6 Qxc6 39. Ne1 Qe4+ 40. Kc1 Qd4 41. Qe2 Qa1+ 42. Kc2 Qb2+ 43. Kd1 Qb1# 0-1

[Event "*** SCC Grand Prix: Titled Tuesday Blitz"]
[Site "Chess.com"]
[Date "2020.06.23"]
[Round "1"]
[White "vpsetter"]
[Black "elisak43"]
[Result "1-0"]
[WhiteElo "2622"]
[BlackElo "2306"]
[TimeControl "180+1"]
[EndTime "10:07:41 PDT"]
[Termination "vpsetter won on time"]

1. e4 e5 2. Nf3 Nc6 3. Bc4 Nf6 4. d3 Bc5 5. O-O O-O 6. Bg5 h6 7. Bh4 g5 8. Bg3 d6 9. c3 Bg4 10. a4 a5 11. h3 Bh5 12. Nbd2 Kg7 13. Qb3 Bb6 14. Kh1 Bg6 15. Bb5 Nh5 16. Bh2 Nf4 17.
Nc4 Nxd3 18. Nxb6 Nc5 19. Qd5 cxb6 20. Rfe1 Ne7 21. Qc4 Rc8 22. Rad1 Nxe4 23. Qf1 f5 24. Bxe5+ dxe5 25. Rxd8 Rfxd8 26. Nxe5 Nd5 27. Qe2 Nf4 28. Qe3 Nd5 29. Qf3 g4 30. hxg4 fxg4 31. Nxg4 Rf8 32. Qe2 h5 33. Ne5 Rxf2 34. Qd3 Ndf6 35. Nxg6 Kxg6 36. Rxe4 Kg7 37. Re7+ 1-0

[Event "*** SCC Grand Prix: Titled Tuesday Blitz"]
[Site "Chess.com"]
[Date "2020.06.23"]
[Round "1"]
[White "AleksanderHnydiuk"]
[Black "PavelChernomordik"]
[Result "0-1"]
[WhiteElo "2594"]
[BlackElo "2306"]
[TimeControl "180+1"]
[EndTime "10:07:41 PDT"]
[Termination "PavelChernomordik won by resignation"]

1. d4 g6 2. Nf3 Bg7 3. c4 d6 4. Nc3 Nc6 5. g3 e5 6. dxe5 Nxe5 7.
Nxe5 Bxe5 8. Bg2 Ne7 9. O-O O-O 10. Bh6 Re8 11. Qd2 Nf5 12. Bg5 f6 13. Bf4 c6 14.
Rfd1 Qe7 15. Ne4 Be6 16. Rac1 Rad8 17. Bxe5 dxe5 18. Qa5 b6 19. Qc3 Nd4 20. Kf1 Bg4 21. f3 Bc8 22. e3 Ne6 23. c5 Rxd1+ 24. Rxd1 Nxc5 25. Nxc5 bxc5 26. Kf2 Be6 27. b3 Rd8 28. Rd2 Rxd2+ 29. Qxd2 c4 30. bxc4 Bxc4 31. f4 c5 32. fxe5 fxe5 33. Bd5+ Bxd5 34. Qxd5+ Qf7+ 35. Qxf7+ Kxf7 36. Kf3 Ke6 37. Ke4 c4 38. a4 a5 39.
g4 g5 40. h3 h6 41. Kf3 Kd5 42. Kf2 Ke4 43. Ke2 c3 44. Kd1 Kxe3 45. Kc2 Kd4 0-1

[Event "*** SCC Grand Prix: Titled Tuesday Blitz"]
[Site "Chess.com"]
[Date "2020.06.23"]
[Round "1"]
[White "grzechu96"]
[Black "not_najdorfs_player"]
[Result "1-0"]
[WhiteElo "2656"]
[BlackElo "2331"]
[TimeControl "180+1"]
[EndTime "10:07:42 PDT"]
[Termination "grzechu96 won by resignation"]

1. e4 c5 2. Nf3 Nc6 3. Bb5 g6 4. Bxc6 dxc6 5. d3 Bg7 6. h3 e5 7. Be3 b6 8. a4 a5 9. Na3 Ne7 10. Nc4 Qc7 11. b4 axb4 12. a5 b5 13. Nb6 Rb8 14.
Bxc5 O-O 15. O-O Rd8 16. Nxc8 Rdxc8 17. Qb1 Bf8 18. Qxb4 Ra8 19. Ra2 f6 20. a6 g5 21.
Qb3+ Kg7 22. Qe6 Ng6 23. Bxf8+ Rxf8 24. Rfa1 Nf4 25. Qf5 Ra7 26. g3 Ng6 27. Kg2 Qd6 28. h4 h6 29. Qg4 c5 30. Ra5 b4 31. Nd2 Rfa8 32. Nc4 Qc6 33. Ne3 Ne7 34. hxg5 fxg5 35.
Nf5+ Nxf5 36. Qxf5 Qd6 37. Rb5 Rf8 38. Qg4 Rxa6 39. Rb7+ Rf7 40. Rxf7+ Kxf7 41. Qf5+ Kg7 42. Rxa6 Qxa6 43. Qxe5+ Kg6 44. Qxc5 b3 45. cxb3 Qxd3 46. Qf5+ Kg7 47. Qe5+ Kg6 48. Qe6+ Kg7 49. b4 h5 50. Qe5+ Kg6 51. Qf5+ Kh6 52. b5 h4 53. Qf6+ Kh7 54. Qf5+ Kh6 55. gxh4 gxh4 56. Qf6+ Kh7 57. Qxh4+ Kg8 58. Qg3+ 1-0

[Event "*** SCC Grand Prix: Titled Tuesday Blitz"]
[Site "Chess.com"]
[Date "2020.06.23"]
[Round "1"]
[White "abubakrtagelsir"]
[Black "Evgeny_Ermakov1965"]
[Result "0-1"]
[WhiteElo "2334"]
[BlackElo "2656"]
[TimeControl "180+1"]
[EndTime "10:07:44 PDT"]
[Termination "Evgeny_Ermakov1965 won by checkmate"]

1. e4 c6 2. d4 d5 3. Nc3 dxe4 4. Nxe4 Bf5 5. Ng3 Bg6 6. Nf3 e6 7. h4 h5 8. Ne5 Ne7 9. Nxg6 Nxg6 10. Bg5 Be7 11.
Qd2 Bxg5 12. Qxg5 Qxg5 13. hxg5 h4 14. Ne4 Ke7 15. O-O-O Nd7 16. Be2 Nb6 17. Nc5 Rab8 18. Bd3 Nf4 19. Be4 Nbd5 20. Bxd5 cxd5 21. Kb1 Nxg2 22.
Rh2 Nf4 23. Rdh1 h3 24. Nd3 Nxd3 25. cxd3 Rh5 26. f4 Rbh8 27. Kc2 Rh4 28. Rf1 Rg4 29.
Rff2 Rg3 30. Kd2 f6 31. gxf6+ Kxf6 32. Ke2 Rh4 33. Rf3 Rxf3 34. Kxf3 Kf5 35. Kg3 Rxf4 36. Rxh3 Rxd4 37. Kf2 g5 38. Ke3 Rh4 39. Rf3+ Rf4 40. Rh3 d4+ 41. Ke2 Rh4 42. Rf3+ Kg6 43. Rf8 Rh2+ 44. Kf3 Rxb2 45. a4 a6 46. Ke4 b5 47.
axb5 Rxb5 48. Kxd4 g4 49. Ke4 Rb4+ 50. d4 a5 51. Ke5 a4 52. Ra8 Kg5 53. Ke4 g3 54. Kf3 Rb3+ 55. Kg2 a3 56. Ra6 Kf4 57. Rxe6 Rb2+ 58.
Kh3 Rh2# 0-1

[Event "*** SCC Grand Prix: Titled Tuesday Blitz"]
[Site "Chess.com"]
[Date "2020.06.23"]
[Round "1"]
[White "zurzan"]
[Black "Shankovskyi"]
[Result "0-1"]
[WhiteElo "1925"]
[BlackElo "2479"]
[TimeControl "180+1"]
[EndTime "10:07:44 PDT"]
[Termination "Shankovskyi won by resignation"]

1. f4 e6 2. Nf3 d5 3. g3 c5 4. Bg2 Nc6 5. O-O f5 6. d3 Nf6 7.
Qe1 d4 8. c4 Bd6 9. h3 O-O 10.
e4 dxe3 11. Bxe3 e5 12. fxe5 Nxe5 13. Nxe5 Bxe5 14. Nc3 Qxd3 15. Bxc5 Bxg3 16. Qe2 Rd8 17. Rad1 Qxe2 18. Nxe2 Rxd1 19. Rxd1 Bc7 20. Bd5+ Nxd5 21.
cxd5 Bd7 22. d6 Bb6 23. Bxb6 axb6 24. a3 Ra4 25. Rd5 Kf7 26. Ng3 g6 27. h4 Rxh4 28. Rd3 Ke6 29. Ne2 Rc4 30. Nc3 f4 31. Rh3 h5 32. Rd3 g5 33. Nd5 Rc6 34. b4 Rxd6 35. Nxf4+ gxf4 36. Rf3 Kf5 37. Rh3 Kg4 38. Rc3 Bc6 39.
Rc4 Rd2 40. b5 Bxb5 41. Rb4 Bc6 42. Rxb6 h4 43. Rb4 h3 44. Kf1 h2 45. Ke1 h1=Q+ 46.
Kxd2 Qf3 47. a4 Qa3 48. Rd4 Qxa4 49. Rxa4 Bxa4 0-1

[Event "*** SCC Grand Prix: Titled Tuesday Blitz"]
[Site "Chess.com"]
[Date "2020.06.23"]
[Round "1"]
[White "gm_rashid"]
[Black "MartinCerveny"]
[Result "0-1"]
[WhiteElo "2345"]
[BlackElo "2677"]
[TimeControl "180+1"]
[EndTime "10:07:45 PDT"]
[Termination "MartinCerveny won on time"]

1. e4 c5 2. Nf3 d6 3. d4 cxd4 4. Nxd4 Nf6 5. Nc3 a6 6. Bg5 e6 7. h4 Nc6 8. Qd2 Qb6 9. Nb3 Be7 10. O-O-O Bd7 11. g4 Ne5 12. Bxf6 gxf6 13. Qf4 h6 14. Qg3 Rc8 15. f4 Nc4 16. Bxc4 Rxc4 17. g5 hxg5 18.
hxg5 Rg8 19. Rh5 a5 20. Rdh1 Kd8 21. Rh8 Rxh8 22. Rxh8+ Kc7 23. Rh7 a4 24. Nd2 Rxc3 25. Qxc3+ Kb8 26. Qg3 fxg5 27. Rxf7 Qd8 28. fxg5 Be8 29. g6 Bxf7 30. gxf7 Qf8 31. Qg8 Kc7 32. Nf3 Qh6+ 33. Kd1 Qf4 34. Nd2 Kb6 35. c3 Ka7 36.
Qe8 Bg5 37. Qxa4+ Kb6 38. Qd4+ Kc7 39. Nc4 d5 40. Qb6+ Kd7 41. Qxb7+ Kd8 0-1

[Event "*** SCC Grand Prix: Titled Tuesday Blitz"]
[Site "Chess.com"]
[Date "2020.06.23"]
[Round "1"]
[White "kikydu96"]
[Black "Rodalquilar"]
[Result "0-1"]
[WhiteElo "2316"]
[BlackElo "2643"]
[TimeControl "180+1"]
[EndTime "10:07:46 PDT"]
[Termination "Rodalquilar won by resignation"]

1. e4 e5 2. Nf3 Nc6 3. Bc4 d6 4. d4 exd4 5. Nxd4 g6 6. Nc3 Bg7 7. Be3 Nf6 8. Qd2 Ne5 9. Be2 d5 10. exd5 Nxd5 11. Nxd5 Qxd5 12. O-O O-O 13. Nf3 Qxd2 14.
Bxd2 Bf5 15. Bc3 Nxf3+ 16. Bxf3 Bxc3 17. bxc3 c6 18. Rab1 Rab8 19. Rb2 b6 20. a4 Rbc8 21. a5 b5 22. c4 bxc4 23. g4 Be6 24. Rb7 Rfd8 25.
Rd1 Rxd1+ 26. Bxd1 Rd8 27. Bf3 Rd2 28. Rxa7 Rxc2 29.
Rc7 Ra2 30. Rxc6 Rxa5 31. Be2 Ra2 32. Bf1 Rc2 33. h3 Rc1 34. f4 Kg7 35. Kf2 Rc2+ 36. Ke3 Rc3+ 37. Kd4 Rf3 38. Bxc4 Rxf4+ 39. Kd3 Bxc4+ 40.
Rxc4 Rxc4 41. Kxc4 Kf6 42. Kd4 Kg5 43. Ke5 Kh4 44. Kf6 Kxh3 45. Kxf7 Kxg4 46. Kg7 h5 0-1

[Event "*** SCC Grand Prix: Titled Tuesday Blitz"]
[Site "Chess.com"]
[Date "2020.06.23"]
[Round "1"]
[White "Durarbayli"]
[Black "Angel_Hranitel_37"]
[Result "1-0"]
[WhiteElo "2836"]
[BlackElo "2426"]
[TimeControl "180+1"]
[EndTime "10:07:47 PDT"]
[Termination "Durarbayli won by checkmate"]

1. e4 c5 2. b3 b6 3. Bb2 Bb7 4. Nc3 Nc6 5. f4 e6 6. Nf3 Nd4 7. Bd3 Nxf3+ 8. Qxf3 Nf6 9. O-O-O Qc7 10. g4 O-O-O 11.
g5 Ne8 12. h4 d5 13. exd5 exd5 14. Nb5 Qd7 15. Nxa7+ Kb8 16. Bb5 Qc7 17. Bxe8 Kxa7 18. Bb5 d4 19. Qf1 Bxh1 20. Qxh1 Bd6 21. f5 h6 22. g6 fxg6 23. fxg6 Rhf8 24. a4 Rf6 25. h5 Rdf8 26. Kb1 Rf2 27. Bc1 Qb7 28. Bc6 Qc7 29. Bb5 Qb7 30. Bc6 Qc7 31. Re1 Rh2 32. Qd5 Rhf2 33. Bb5 R2f5 34. Qh1 Rg5 35. d3 Rgf5 36. Kb2 Qb7 37. Bc6 Qc7 38. Bd5 Bf4 39.
Bxf4 Rxf4 40. Bf7 Rf2 41. Qd5 Rd8 42. Qc4 Qh2 43. Re7+ Kb8 44. a5 Rd6 45. a6 b5 46.
Qxb5+ Kc8 47. Qb7+ Kd8 48. Re8# 1-0

[Event "*** SCC Grand Prix: Titled Tuesday Blitz"]
[Site "Chess.com"]
[Date "2020.06.23"]
[Round "1"]
[White "Orange_Ghost"]
[Black "Susal_De_Silva"]
[Result "1-0"]
[WhiteElo "2754"]
[BlackElo "2389"]
[TimeControl "180+1"]
[EndTime "10:07:47 PDT"]
[Termination "Orange_Ghost won on time"]

1. d4 Nf6 2. c4 e5 3. dxe5 Ng4 4. e4 Nxe5 5. f4 Nec6 6. Be3 g6 7. Nc3 Bg7 8. Qd2 O-O 9. Bd3 d6 10. Nge2 Nd7 11. O-O Nc5 12. Bc2 Bg4 13. Ng3 h5 14.
h3 Be6 15. b3 h4 16. Nge2 f5 17.
Rae1 a5 18. Kh1 a4 19. exf5 Bxf5 20. Bxf5 Rxf5 21. Bxc5 dxc5 22. Nd5 Ne7 23. Nxe7+ Qxe7 24. Ng1 Qd6 25. Qf2 Raf8 26. Qxh4 Rxf4 27. Rxf4 Qxf4 28.
Qe7 Rf7 29. Qe8+ Kh7 30. Nf3 axb3 31. axb3 Rf5 32. Re4 Qc1+ 33. Re1 Qf4 34. Qd7 Rh5 35. Rf1 Qh6 36. Qxc7 Rf5 37. Qxb7 Qe3 38. Qd7 Kh6 39. Qd1 Qf4 40. Qc1 Be5 41. Qe1 Bd6 42. Qc1 Rg5 43.
Qxf4 1-0

[Event "*** SCC Grand Prix: Titled Tuesday Blitz"]
[Site "Chess.com"]
[Date "2020.06.23"]
[Round "1"]
[White "AlexOstrovskiy"]
[Black "kintoho"]
[Result "1-0"]
[WhiteElo "2705"]
[BlackElo "2365"]
[TimeControl "180+1"]
[EndTime "10:07:47 PDT"]
[Termination "AlexOstrovskiy won by resignation"]

1. d4 g6 2. e4 Bg7 3. Nf3 c6 4.
Bc4 d5 5. Bb3 dxe4 6. Ng5 e6 7.
c3 Nf6 8. Nd2 O-O 9. O-O Nbd7 10.
Ngxe4 Qc7 11. Nxf6+ Nxf6 12. Nc4 c5 13. dxc5 Qxc5 14. Bf4 Qf5 15. Qd2 Ne4 16. Qe3 g5 17. Bc7 Nf6 18. Nd6 Qg6 19. Rad1 b6 20. Qe2 Bd7 21. Bc2 Qh6 22. Ne4 Bc6 23. Be5 Rad8 24. Ng3 Rd7 25. Rxd7 Bxd7 26. h3 Bc6 27. Rd1 Nd5 28.
Bxg7 Qxg7 29. Be4 Nf4 30. Qf3 Bxe4 31. Nxe4 f5 32. Ng3 Qf6 33. Nh5 Qe7 34. Nxf4 gxf4 35.
Qxf4 Rd8 36. Rxd8+ Qxd8 37. g3 Qd5 38. Qb8+ Kf7 39.
Qxa7+ Kf6 40. Qxb6 Qxa2 41. Qd4+ Kg6 42. b4 Qa4 43. h4 h6 44. Qe3 Qd1+ 45. Kg2 Qd5+ 46. Qf3 Qc4 47. Qe3 Kg7 48. Qd4+ Qxd4 49. cxd4 Kf6 50.
Kf3 Ke7 51. Kf4 Kd6 52. b5 Kd5 53. b6 Kc6 54. Ke5 Kxb6 55. Kxe6 1-0

[Event "*** SCC Grand Prix: Titled Tuesday Blitz"]
[Site "Chess.com"]
[Date "2020.06.23"]
[Round "1"]
[White "XDPS"]
[Black "Sueetin"]
[Result "1-0"]
[WhiteElo "2683"]
[BlackElo "2348"]
[TimeControl "180+1"]
[EndTime "10:07:48 PDT"]
[Termination "XDPS won by checkmate"]

1. d4 Nf6 2. Bf4 d5 3. e3 c5 4. Nf3 Nc6 5. Nbd2 cxd4 6. exd4 Qb6 7. Nb3 Bf5 8. c3 e6 9. Be2 Be7 10. O-O h6 11. a4 a5 12. Re1 O-O 13. Ne5 Nxe5 14.
Bxe5 Ne8 15. Bf1 Nd6 16. Bf4 Nc4 17. Bc1 Qc7 18. Nd2 Nxd2 19. Bxd2 Bd6 20. g3 Qb6 21.
Bb5 Rad8 22. Qf3 Be4 23. Qe2 Kh8 24. Be3 Bh7 25. Qd2 f6 26. Re2 Qc7 27. Rae1 Be4 28. f4 e5 29. fxe5 fxe5 30. dxe5 Bxe5 31. Rf2 Bxg3 32. Rxf8+ Rxf8 33. Rf1 Rxf1+ 34. Kxf1 Bxh2 35. Qf2 Bd6 36. Bd4 Qe7 37. Qg1 Kh7 38. Be2 Qf7+ 39. Ke1 Bf4 40. Qg4 Bg5 41. Qc8 Bg6 42. Qg4 Bf5 43. Qg3 Qe6 44. Qc7 Bd3 45. Qxg7# 1-0

[Event "*** SCC Grand Prix: Titled Tuesday Blitz"]
[Site "Chess.com"]
[Date "2020.06.23"]
[Round "1"]
[White "Rud_Makarian"]
[Black "WPWPWP-2015"]
[Result "1-0"]
[WhiteElo "2691"]
[BlackElo "2351"]
[TimeControl "180+1"]
[EndTime "10:07:49 PDT"]
[Termination "Rud_Makarian won on time"]

1. d4 Nf6 2. c4 e6 3. Nf3 b6 4. g3 Ba6 5. b3 Bb4+ 6. Bd2 Be7 7. Bg2 O-O 8. Nc3 d5 9. Bf4 Nbd7 10. Nd2 c6 11.
O-O Bb4 12. Rc1 Ba3 13. Rb1 Bb4 14. Qc2 Rc8 15. e4 c5 16. exd5 cxd4 17. dxe6 fxe6 18. Nce4 e5 19. Bg5 h6 20. Nxf6+ Nxf6 21. Bxf6 Qxf6 22.
Ne4 Qg6 23. Qd3 Kh8 24. Rbd1 Rcd8 25. Nc5 Qxd3 26. Nxd3 Bd6 27. a4 Bc8 28. Rfe1 Bg4 29. Rd2 Rde8 30. Be4 Rf6 31. Kg2 h5 32. f3 Bd7 33. h4 g6 34. Rde2 Kg7 35. Ra1 a5 36.
Rc1 Be6 37. Rce1 Bf7 38. Bc6 Rc8 39. Bb5 Rd8 40. Nxe5 Bb4 41. Rd1 Re6 42. Kf1 g5 43. hxg5 Bg6 44. Nxg6 Rxe2 45. Kxe2 Kxg6 46. f4 Kf5 47.
Kd3 Kg4 48. Rf1 1-0

[Event "*** SCC Grand Prix: Titled Tuesday Blitz"]
[Site "Chess.com"]
[Date "2020.06.23"]
[Round "1"]
[White "valeriocarnicelli"]
[Black "inegrepus"]
[Result "1/2-1/2"]
[WhiteElo "2559"]
[BlackElo "2240"]
[TimeControl "180+1"]
[EndTime "10:07:49 PDT"]
[Termination "Game drawn by repetition"]

1. e4 e5 2. Nf3 Nc6 3. d4 exd4 4. Bc4 Nf6 5. e5 d5 6. Bb5 Ne4 7. Nxd4 Bd7 8. Bxc6 bxc6 9. O-O Bc5 10. f3 Ng5 11. f4 Ne4 12. Be3 Bb6 13. Nd2 Nxd2 14. Qxd2 c5 15. Nf3 d4 16. Bf2 O-O 17. Bh4 Qc8 18. a4 a5 19. Qf2 Bc6 20. Qg3 c4 21.
Kh1 Qf5 22. c3 d3 23. Nd2 Bd5 24. Rae1 Be6 25. Ne4 Qg6 26. Ng5 h6 27. Nxe6 Qxg3 28. Bxg3 fxe6 29. Re4 Rad8 30. Rxc4 d2 31. Rd1 Rd3 32.
Re4 Be3 33. h3 Kh7 34. Bh2 g5 35. g3 gxf4 36. gxf4 Rg8 37. Rc4 Rf8 38. Rxc7+ Kg6 39. Rc4 Kh5 40. Kg2 Rg8+ 41. Kf3 Bb6+ 42. Ke2 Rd7 43.
Kf3 Rd3+ 44. Ke2 Rd7 45. Rc6 Rg2+ 46. Kf3 Rf2+ 47. Ke4 Re2+ 48. Kf3 Rf2+ 49. Ke4 Re2+ 50. Kf3 Rf2+ 1/2-1/2

[Event "*** SCC Grand Prix: Titled Tuesday Blitz"]
[Site "Chess.com"]
[Date "2020.06.23"]
[Round "1"]
[White "Vuk2000"]
[Black "davigator"]
[Result "1-0"]
[WhiteElo "2645"]
[BlackElo "2316"]
[TimeControl "180+1"]
[EndTime "10:07:50 PDT"]
[Termination "Vuk2000 won by resignation"]

1. d4 Nf6 2. Bg5 e6 3. e4 d5 4. e5 h6 5. Be3 Nfd7 6. f4 c5 7.
c3 Qb6 8. Qc1 Nc6 9. Nf3 Be7 10.
Nbd2 cxd4 11. Nxd4 Nxd4 12. Bxd4 Bc5 13. Nb3 Bxd4 14. Nxd4 Nc5 15. Be2 O-O 16. O-O f6 17. exf6 Rxf6 18. Qc2 Bd7 19. Rae1 Raf8 20. g3 Ne4 21.
Bf3 Nd6 22. Bg4 Nb5 23. Qd2 Nxd4 24. cxd4 Rc8 25. b3 Rc6 26. Rc1 Kf7 27. Rfe1 Qc7 28. Rxc6 Bxc6 29. Qe3 Bd7 30. Re2 Qb6 31. Kg2 Kf8 32. Qe5 Kf7 33. Bh5+ g6 34. Bg4 Qa6 35. Rc2 h5 36. Be2 Qb6 37. Rc7 Ke7 38. Rxd7+ Kxd7 39. Qxf6 Qb4 40. Qg7+ Kd8 41. Qe5 Kd7 42. Qe3 Ke7 43.
Qd3 Kf6 44. Bd1 a6 45. Bc2 Ke7 46. h4 Kd6 47. Qe3 Ke7 48. Bxg6 Qd6 49. Bxh5 Qc6 50. Bg4 Kf6 51. Qxe6+ 1-0